| TOP OF THE 1ST |
|
Geneva Red Legs batting - Pitching for Batavia Clippers : LHP Federico Rapalo
|
|
Pitching: LHP Federico Rapalo
|
|
|
Batting: RHB Bob Brower
|
0-0: Foul Ball, location: 2F 0-1: Swinging Strike 0-2: Ball 1-2: Ball 2-2: Foul Ball, location: 2F 2-2: Foul Ball, location: 2F 2-2: Ball 3-2: Foul Ball, location: 2F 3-2: Fly out, F8 (Flyball, 8LS, EV 88.8 MPH)
|
|
Batting: LHB Orsino Hill
|
0-0: Ball 1-0: Foul Ball, location: 2F 1-1: Ball 2-1: Ground out 5-3 (Groundball, 5L, EV 83.1 MPH)
|
|
Batting: LHB Mike Kingery
|
0-0: Swinging Strike 0-1: Foul Ball, location: 2F 0-2: Ground out 6-3 (Groundball, P, EV 85.6 MPH)
|
| Top of the 1st over - 0 runs, 0 hits, 0 errors, 0 left on base; Geneva 0 - Batavia 0 |
| BOTTOM OF THE 1ST |
|
Batavia Clippers batting - Pitching for Geneva Red Legs : RHP Mark King
|
|
Pitching: RHP Mark King
|
|
|
Batting: RHB Greg Tabor
|
0-0: Called Strike 0-1: Swinging Strike 0-2: SINGLE (Groundball, 6D, EV 98.8 MPH)
|
|
Batting: LHB Mark Bingham
|
0-0: Ball 1-0: Ball 2-0: Fielders Choice at 2nd, 6-4 (Groundball, 6M, EV 81.9 MPH)
|
|
Batting: RHB Glenn Carpenter
|
0-0: Ball 1-0: Foul Ball, location: 2F 1-1: Ball 2-1: TRIPLE (Flyball, 89XD, EV 101.9 MPH) Mark Bingham scores
|
|
Batting: RHB Mickey Brantley
|
0-0: Ball 1-0: Ball 2-0: SINGLE (Groundball, 56D, EV 100.0 MPH) Glenn Carpenter scores
|
|
Batting: RHB Larry Kiesling
|
0-0: Called Strike 0-1: Ball Mickey Brantley steals 2nd base 1-1: Ground out 4-3 (Groundball, 4M, EV 93.1 MPH) Mickey Brantley to third
|
|
Batting: LHB Scott Miller
|
0-0: Called Strike 0-1: Ball 1-1: Foul Ball, location: 2F 1-2: Ball 2-2: Strikes out swinging
|
| Bottom of the 1st over - 2 runs, 3 hits, 0 errors, 1 left on base; Geneva 0 - Batavia 2 |
| TOP OF THE 2ND |
|
Geneva Red Legs batting - Pitching for Batavia Clippers : LHP Federico Rapalo
|
|
Batting: RHB Victor Mendoza
|
0-0: Called Strike 0-1: Ball 1-1: Ball 2-1: Foul Ball, location: 2F 2-2: Foul Ball, location: 2F 2-2: Foul Ball, location: 2F 2-2: Foul Ball, location: 2F 2-2: DOUBLE (Flyball, 8LXD, EV 110.0 MPH)
|
|
Batting: SHB Juan Castillo
|
0-0: Foul Ball, location: 2F 0-1: Ball 1-1: 2-RUN HOME RUN (Line Drive, 78XD, EV 104.4 MPH), Distance : 425 ft
|
|
Batting: RHB Edwin Quinones
|
0-0: Ball 1-0: Ball 2-0: Ball 3-0: Called Strike 3-1: Fly out, F9 (Flyball, 9S, EV 96.3 MPH)
|
|
Batting: RHB Michael Spinozzi
|
0-0: Called Strike 0-1: Ball 1-1: Ball 2-1: Called Strike 2-2: Strikes out looking
|
|
Batting: LHB Juan Araujo
|
0-0: Ball 1-0: Ball 2-0: Called Strike 2-1: Foul Ball, location: 2F 2-2: Ground out 4-3 (Groundball, 4, EV 78.8 MPH)
|
| Top of the 2nd over - 2 runs, 2 hits, 0 errors, 0 left on base; Geneva 2 - Batavia 2 |
| BOTTOM OF THE 2ND |
|
Batavia Clippers batting - Pitching for Geneva Red Legs : RHP Mark King
|
|
Batting: RHB Russ Stephans
|
0-0: Fly out, F3 (Popup, 3S, EV 71.9 MPH)
|
|
Batting: RHB Jorge Gonzalez
|
0-0: Ball 1-0: Ball 2-0: Called Strike 2-1: Ball 3-1: Called Strike 3-2: SINGLE (Line Drive, 7S, EV 109.4 MPH)
|
|
Batting: RHB Mark Kuecker
|
0-0: Swinging Strike 0-1: Called Strike 0-2: Strikes out swinging
|
|
Batting: RHB Greg Tabor
|
0-0: Called Strike 0-1: Fielders Choice at 2nd, 6-4 (Groundball, 6, EV 83.1 MPH)
|
| Bottom of the 2nd over - 0 runs, 1 hit, 0 errors, 1 left on base; Geneva 2 - Batavia 2 |
| TOP OF THE 3RD |
|
Geneva Red Legs batting - Pitching for Batavia Clippers : LHP Federico Rapalo
|
|
Batting: RHB Danny Reyes
|
0-0: Foul Ball, location: 2F 0-1: Ball 1-1: Foul Ball, location: 2F 1-2: Ground out 5-3 (Groundball, 56S, EV 67.5 MPH)
|
|
Batting: RHB Bob Brower
|
0-0: Foul Ball, location: 2F 0-1: Swinging Strike 0-2: Ball 1-2: Strikes out swinging
|
|
Batting: LHB Orsino Hill
|
0-0: Foul Ball, location: 2F 0-1: SOLO HOME RUN (Flyball, 9LD, EV 90.6 MPH), Distance : 345 ft
|
|
Batting: LHB Mike Kingery
|
0-0: Ball 1-0: Called Strike 1-1: Foul Ball, location: 2F 1-2: Ball 2-2: Ball 3-2: Strikes out swinging
|
| Top of the 3rd over - 1 run, 1 hit, 0 errors, 0 left on base; Geneva 3 - Batavia 2 |
| BOTTOM OF THE 3RD |
|
Batavia Clippers batting - Pitching for Geneva Red Legs : RHP Mark King
|
|
Batting: LHB Mark Bingham
|
0-0: Called Strike 0-1: Foul Ball, location: 2F 0-2: Ball 1-2: Fly out, F9 (Flyball, 9D, EV 89.4 MPH)
|
|
Batting: RHB Glenn Carpenter
|
0-0: Ball 1-0: Foul Ball, location: 2F 1-1: Ball 2-1: Foul Ball, location: 2F 2-2: Ball 3-2: Strikes out looking
|
|
Batting: RHB Mickey Brantley
|
0-0: Foul Ball, location: 2F 0-1: Ball 1-1: Foul Ball, location: 2F 1-2: Ball 2-2: Ball 3-2: Fly out, F8 (Flyball, 8LM, EV 84.4 MPH)
|
| Bottom of the 3rd over - 0 runs, 0 hits, 0 errors, 0 left on base; Geneva 3 - Batavia 2 |
| TOP OF THE 4TH |
|
Geneva Red Legs batting - Pitching for Batavia Clippers : LHP Federico Rapalo
|
|
Batting: RHB Victor Mendoza
|
0-0: Ground out U3 (Groundball, 3, EV 82.5 MPH)
|
|
Batting: SHB Juan Castillo
|
0-0: Ball 1-0: Foul Ball, location: 2F 1-1: Ball 2-1: Reached on error, E6 (Groundball, 56, EV 102.5 MPH)
|
|
Batting: RHB Edwin Quinones
|
0-0: Called Strike 0-1: Fly out, F4 (Popup, 4D, EV 54.4 MPH)
|
|
Batting: RHB Michael Spinozzi
|
0-0: Ball 1-0: Ball 2-0: SINGLE (Groundball, 34D, EV 98.8 MPH) Juan Castillo to second Runner from 2nd tries for 3rd, SAFE, throw by RF made to third
|
|
Batting: LHB Juan Araujo
|
0-0: Called Strike 0-1: Ball 1-1: SINGLE (Groundball, 34D, EV 95.0 MPH) Juan Castillo scores Michael Spinozzi to second Runner from 2nd tries for 3rd, SAFE, no throw by RF
|
|
Batting: RHB Danny Reyes
|
0-0: Called Strike 0-1: Fielders Choice at 2nd, 5-4 (Groundball, 56, EV 97.5 MPH)
|
| Top of the 4th over - 1 run, 2 hits, 1 error, 2 left on base; Geneva 4 - Batavia 2 |
| BOTTOM OF THE 4TH |
|
Batavia Clippers batting - Pitching for Geneva Red Legs : RHP Mark King
|
|
Batting: RHB Larry Kiesling
|
0-0: Ball 1-0: Called Strike 1-1: Called Strike 1-2: Ball 2-2: DOUBLE (Flyball, 8LXD, EV 100.6 MPH)
|
|
Batting: LHB Scott Miller
|
0-0: Ground out U3 (Groundball, 3, EV 86.9 MPH) Larry Kiesling to third
|
|
Batting: RHB Russ Stephans
|
0-0: Ball 1-0: Ball 2-0: Ground out 5-3 (Groundball, 56, EV 78.1 MPH) Larry Kiesling scores
|
|
Batting: RHB Jorge Gonzalez
|
0-0: Ball 1-0: Ball 2-0: Ball 3-0: Called Strike 3-1: Fly out, F8 (Flyball, 8LD, EV 102.5 MPH)
|
| Bottom of the 4th over - 1 run, 1 hit, 0 errors, 0 left on base; Geneva 4 - Batavia 3 |
| TOP OF THE 5TH |
|
Geneva Red Legs batting - Pitching for Batavia Clippers : LHP Federico Rapalo
|
|
Batting: RHB Bob Brower
|
0-0: Called Strike 0-1: Ball 1-1: Ball 2-1: Foul Ball, location: 2F 2-2: Ball 3-2: Foul Ball, location: 2F 3-2: Foul Ball, location: 2F 3-2: Foul Ball, location: 2F 3-2: Ground out 6-3 (Groundball, 6, EV 111.9 MPH)
|
|
Batting: LHB Orsino Hill
|
0-0: Ball 1-0: Ball 2-0: Ball 3-0: Base on Balls
|
|
Batting: LHB Mike Kingery
|
0-0: Ball Orsino Hill is caught stealing 2nd base 2-6 1-0: Ball 2-0: Ball 3-0: Called Strike 3-1: Swinging Strike 3-2: Fly out, F8 (Flyball, 78D, EV 90.0 MPH)
|
| Top of the 5th over - 0 runs, 0 hits, 0 errors, 0 left on base; Geneva 4 - Batavia 3 |
| BOTTOM OF THE 5TH |
|
Batavia Clippers batting - Pitching for Geneva Red Legs : RHP Mark King
|
|
Batting: RHB Mark Kuecker
|
0-0: TRIPLE (Flyball, 8RXD, EV 94.4 MPH)
|
|
Batting: RHB Greg Tabor
|
0-0: SINGLE (Line Drive, 5, EV 96.3 MPH) Mark Kuecker scores
|
|
Batting: LHB Mark Bingham
|
0-0: Ball 1-0: Grounds into double play, 6-4-3 (Groundball, 6, EV 105.6 MPH)
|
|
Batting: RHB Glenn Carpenter
|
0-0: Ground out 5-3 (Groundball, 5, EV 104.4 MPH)
|
| Bottom of the 5th over - 1 run, 2 hits, 0 errors, 0 left on base; Geneva 4 - Batavia 4 |
| TOP OF THE 6TH |
|
Geneva Red Legs batting - Pitching for Batavia Clippers : LHP Federico Rapalo
|
|
Batting: RHB Victor Mendoza
|
0-0: Fly out, F7 (Flyball, 7LM, EV 102.5 MPH)
|
|
Batting: SHB Juan Castillo
|
0-0: Ball 1-0: Called Strike 1-1: Ball 2-1: Ball 3-1: Ground out 6-3 (Groundball, 6, EV 95.0 MPH)
|
|
Batting: RHB Edwin Quinones
|
0-0: Ball 1-0: Swinging Strike 1-1: Called Strike 1-2: Foul Ball, location: 2F 1-2: SINGLE (Groundball, 4M, EV 84.4 MPH) (infield hit)
|
|
Batting: RHB Michael Spinozzi
|
0-0: Foul Ball, location: 2F 0-1: Ground out 5-3 (Groundball, 56, EV 84.4 MPH)
|
| Top of the 6th over - 0 runs, 1 hit, 0 errors, 1 left on base; Geneva 4 - Batavia 4 |
| BOTTOM OF THE 6TH |
|
Batavia Clippers batting - Pitching for Geneva Red Legs : RHP Mark King
|
|
Batting: RHB Mickey Brantley
|
0-0: Called Strike 0-1: Ball 1-1: Foul Ball, location: 2F 1-2: Ball 2-2: Ball 3-2: Strikes out looking
|
|
Batting: RHB Larry Kiesling
|
0-0: Ball 1-0: Ball 2-0: Called Strike 2-1: Ball 3-1: Foul Ball, location: 2F 3-2: Base on Balls
|
|
Batting: LHB Scott Miller
|
0-0: Called Strike 0-1: Foul Ball, location: 2F 0-2: Fly out, F8 (Line Drive, 8RM, EV 91.9 MPH)
|
|
Batting: RHB Russ Stephans
|
0-0: Called Strike 0-1: Ball 1-1: SINGLE (Groundball, 56S, EV 96.9 MPH) Larry Kiesling to second
|
|
Batting: RHB Jorge Gonzalez
|
0-0: Reached on error, E4 (Groundball, 4, EV 81.3 MPH) Larry Kiesling scores Russ Stephans to third
|
|
Batting: RHB Mark Kuecker
|
0-0: TRIPLE (Flyball, 9LD, EV 100.0 MPH) Russ Stephans scores Jorge Gonzalez scores
|
|
Pitching: LHP Randy Boyd
|
|
|
Batting: RHB Greg Tabor
|
0-0: Swinging Strike 0-1: Ball 1-1: Ball 2-1: Foul Ball, location: 2F 2-2: Strikes out swinging
|
| Bottom of the 6th over - 3 runs, 2 hits, 1 error, 1 left on base; Geneva 4 - Batavia 7 |
| TOP OF THE 7TH |
|
Geneva Red Legs batting - Pitching for Batavia Clippers : LHP Federico Rapalo
|
|
Batting: LHB Juan Araujo
|
0-0: Ball 1-0: SINGLE (Groundball, 34D, EV 96.9 MPH)
|
|
Batting: RHB Danny Reyes
|
0-0: Called Strike 0-1: Ball 1-1: Ball 2-1: Ball 3-1: Grounds into double play, 4-6-3 (Groundball, 4, EV 76.9 MPH)
|
|
Batting: RHB Bob Brower
|
0-0: Ball 1-0: SINGLE (Groundball, 6MD, EV 106.3 MPH)
|
|
Batting: LHB Orsino Hill
|
0-0: Called Strike 0-1: 2-RUN HOME RUN (Line Drive, 89XD, EV 101.9 MPH), Distance : 460 ft
|
|
Pitching: RHP Billy Perez
|
|
|
Batting: LHB Mike Kingery
|
0-0: Ball 1-0: Called Strike 1-1: Fly out, F7 (Flyball, 78S, EV 93.1 MPH)
|
| Top of the 7th over - 2 runs, 3 hits, 0 errors, 0 left on base; Geneva 6 - Batavia 7 |
| BOTTOM OF THE 7TH |
|
Batavia Clippers batting - Pitching for Geneva Red Legs : LHP Randy Boyd
|
|
Batting: LHB Mark Bingham
|
0-0: Called Strike 0-1: Ball 1-1: Foul Ball, location: 2F 1-2: Ball 2-2: Strikes out swinging
|
|
Batting: RHB Glenn Carpenter
|
0-0: Ball 1-0: Ball 2-0: Ball 3-0: Base on Balls
|
|
Batting: RHB Mickey Brantley
|
0-0: Fly out, F7 (Flyball, 78D, EV 79.4 MPH)
|
|
Batting: RHB Larry Kiesling
|
0-0: Ball 1-0: 2-RUN HOME RUN (Flyball, 78XD, EV 98.1 MPH), Distance : 412 ft
|
|
Batting: LHB Scott Miller
|
0-0: Ball 1-0: Foul Ball, location: 2F 1-1: Ball 2-1: Ground out U3 (Groundball, 34, EV 79.4 MPH)
|
| Bottom of the 7th over - 2 runs, 1 hit, 0 errors, 0 left on base; Geneva 6 - Batavia 9 |
| TOP OF THE 8TH |
|
Geneva Red Legs batting - Pitching for Batavia Clippers : RHP Billy Perez
|
|
Batting: RHB Victor Mendoza
|
0-0: Fly out, F7 (Flyball, 7S, EV 85.0 MPH)
|
|
Batting: SHB Juan Castillo
|
0-0: Ball 1-0: Swinging Strike 1-1: Called Strike 1-2: Ground out 6-3 (Groundball, 56, EV 98.8 MPH)
|
|
Batting: RHB Edwin Quinones
|
0-0: Ground out 5-3 (Groundball, 56, EV 81.9 MPH)
|
| Top of the 8th over - 0 runs, 0 hits, 0 errors, 0 left on base; Geneva 6 - Batavia 9 |
| BOTTOM OF THE 8TH |
|
Batavia Clippers batting - Pitching for Geneva Red Legs : LHP Randy Boyd
|
|
Batting: RHB Russ Stephans
|
0-0: Ball 1-0: Called Strike 1-1: Ball 2-1: Ball 3-1: Base on Balls
|
|
Batting: RHB Jorge Gonzalez
|
0-0: Ball 1-0: Bunted foul 1-1: Bunted foul 1-2: Ball 2-2: Foul Ball, location: 2F 2-2: Ground out 4-3 (Groundball, 34, EV 80.0 MPH) Russ Stephans to second
|
|
Batting: RHB Mark Kuecker
|
0-0: Called Strike 0-1: Ball 1-1: Ground out 5-3 (Groundball, 56S, EV 73.1 MPH) Russ Stephans to third
|
|
Pitching: RHP Rich Yett
|
|
|
Batting: RHB Greg Tabor
|
0-0: Ball 1-0: SINGLE (Flyball, 6MD, EV 85.0 MPH) Russ Stephans scores
|
|
Batting: LHB Mark Bingham
|
0-0: Foul Ball, location: 2F 0-1: Called Strike Greg Tabor steals 2nd, throwing error, E2 Greg Tabor to third 0-2: Ball 1-2: Ball 2-2: Ball 3-2: Foul Ball, location: 2F 3-2: Fly out, F8 (Flyball, 8LD, EV 96.9 MPH)
|
| Bottom of the 8th over - 1 run, 1 hit, 1 error, 1 left on base; Geneva 6 - Batavia 10 |
| TOP OF THE 9TH |
|
Geneva Red Legs batting - Pitching for Batavia Clippers : RHP Billy Perez
|
|
Batting: RHB Michael Spinozzi
|
0-0: Called Strike 0-1: Ball 1-1: Foul Ball, location: 2F 1-2: Ball 2-2: Strikes out swinging
|
|
Batting: LHB Juan Araujo
|
0-0: Ball 1-0: Fly out, F5 (Line Drive, 5, EV 70.0 MPH)
|
|
Batting: RHB Danny Reyes
|
0-0: Foul Ball, location: 2F 0-1: SINGLE (Line Drive, 8LS, EV 91.3 MPH)
|
|
Batting: RHB Bob Brower
|
0-0: Called Strike 0-1: Called Strike 0-2: Foul Ball, location: 2F 0-2: Strikes out looking
|
| Top of the 9th over - 0 runs, 1 hit, 0 errors, 1 left on base; Geneva 6 - Batavia 10 |
|